 Dungeon Crawl Stone Soup version 0.21-a0-584-g185da8e (webtiles) character file.

105 sithsevirus the Gusty (level 4, -1/36 HPs)
             Began as a Draconian Air Elementalist on Dec 21, 2017.
             Slain by Natasha (5 damage)
             ... on level 2 of the Dungeon.
             The game lasted 00:09:25 (1514 turns).

sithsevirus the Gusty (Draconian Air Elementalist)  Turns: 1514, Time: 00:09:26

Health: -1/36      AC:  5    Str: 10    XL:     4   Next: 53%
Magic:  1/7        EV: 12    Int: 17    God:
Gold:   41         SH:  0    Dex: 11    Spells: 6/7 levels left

rFire    . . .     SeeInvis .   m - +1 hand axe (elec)
rCold    . . .     Gourm    .   (no shield)
rNeg     . . .     Faith    .   (armour unavailable)
rPois    .         Spirit   .   (helmet restricted)
rElec    .         Reflect  .   (no cloak)
rCorr    .         Harm     .   (no gloves)
MR       .....                  (no boots)
Stlth    ++........             (no amulet)
HPRegen  0.12/turn              (no ring)
MPRegen  0.10/turn              (no ring)

@: very slightly contaminated, slowed, very slow
A: unfitting armour, cold-blooded, AC +5
a: no special abilities


You were on level 2 of the Dungeon.
You were not hungry.

You visited 1 branch of the dungeon, and saw 2 of its levels.

You collected 41 gold pieces.

Inventory:

Hand Weapons
 b - a +0 hunting sling
 m - a +1 hand axe of electrocution (weapon)
Missiles
 e - 27 stones (quivered)
Scrolls
 c - 3 scrolls of amnesia {unknown}
 h - 3 scrolls of identify {unknown}
 i - a scroll of magic mapping {unknown}
 j - 2 scrolls of immolation {unknown}
Potions
 k - 2 potions of agility {unknown}
 l - 2 potions of lignification {unknown}
Books
 g - a book of Air

   Spells                             Type                      Level
   a - Shock                          Conjuration/Air              1
   b - Swiftness                      Charms/Air                   2
   c - Static Discharge               Conjuration/Air              3
   d - Airstrike                      Air                          4
   e - Lightning Bolt                 Conjuration/Air              5
Comestibles
 d - 2 chunks of flesh
 f - 2 rations


   Skills:
 + Level 2.1 Fighting
 - Level 1.7 Dodging
 + Level 2.8 Stealth
 - Level 2.0 Spellcasting
 + Level 2.3 Conjurations
 + Level 3.6 Air Magic


You had 6 spell levels left.
You knew the following spells:

 Your Spells              Type           Power        Failure   Level  Hunger
a - Shock                 Conj/Air       ##..         5%          1    #......


Dungeon Overview and Level Annotations

Branches:
Dungeon (2/15)

Altars:
Fedhas
Yredelemnul

Annotations:
D:2 Natasha


Innate Abilities, Weirdness & Mutations

Your plain brown scales are hard. (AC +5)
You cannot fit into any form of body armour.
You are cold-blooded and may be slowed by cold attacks.


Message History

Natasha claws you.
You barely miss Natasha.
Natasha is severely wounded.
Natasha closely misses you. Natasha claws you but does no damage.
You hit Natasha.
Natasha is almost dead.
Natasha claws you.
Natasha howls an incantation.
You feel disoriented. Natasha closely misses you.
You barely miss Natasha.
Natasha is almost dead.
Natasha claws you!
Natasha stares at you and mumbles some strange words.
The magic dart hits you!
* * * LOW HITPOINT WARNING * * *
You barely miss Natasha.
Natasha is almost dead.
Natasha claws you.
You die...

..# # ..# .# ### ##
###..###. ##...# .. ...
... ..._.. .####.# #[#
###......
...##.###.#######........
.#....................8..
.####..รท.....###.........
.......>..)...>.@........
######........##h....._..
## #.......###.#....... .#
#...........#######. <#
#.......##### .# #.###..##
.#####.#.....
............#.
.......#.#.##.#


You could see Natasha.

Vanquished Creatures
  Terence (D:2)
  Natasha (D:2)
  A gnoll (D:1)
  An adder (D:2)
  A worm (D:2)
  A dart slug (D:1)
  2 orcs (D:2)
  A bat (D:1)
  2 giant cockroaches (D:1)
  5 goblins
  4 hobgoblins
  2 jackals (D:1)
  2 kobolds (D:1)
  3 frilled lizards (D:1)
  2 rats (D:1)
29 creatures vanquished.

Notes
Turn   | Place    | Note
-------+----------+-------------------------------------------
     0 | D:1      | sithsevirus the Draconian Air Elementalist began the quest for the Orb.
     0 | D:1      | Reached XP level 1. HP: 14/14 MP: 3/3
   373 | D:1      | Reached XP level 2. HP: 22/22 MP: 0/5
   614 | D:1      | Reached skill level 1 in Fighting
  1031 | D:1      | Reached XP level 3. HP: 28/28 MP: 0/6
  1120 | D:2      | Noticed Terence
  1142 | D:2      | Killed Terence
  1236 | D:2      | Reached XP level 4. HP: 32/36 MP: 0/7
  1320 | D:2      | Noticed Natasha
  1325 | D:2      | Killed Natasha
  1446 | D:2      | Found a blossoming altar of Fedhas.
  1446 | D:2      | Found a basalt altar of Yredelemnul.
  1472 | D:2      | Noticed Natasha
  1514 | D:2      | Slain by Natasha

Vault maps used:
D:1:      lightli_arrival_statuegarden, grunt_decor_one_mirror
D:2:      lemuel_coloured_pillars_altar, grunt_temple_overflow_open,
          guppyfry_early_orc_mine, uniq_terence, uniq_natasha, uniq_sigmund

Skill      XL: |  1  2  3  4 |
---------------+-------------+-----
Stealth        | 2 |  2.8
Fighting       | 1 2 |  2.1
Conjurations   | 2 |  2.3
Dodging        | |  1.7
Spellcasting   | |  2.0
Air Magic      | |  3.6

Action                   |  1- 3 |  4- 6 || total
-------------------------+-------+-------++-------
Melee: Unarmed           |    24 |       ||    24
       Tailslap          |     2 |       ||     2
       Mace              |     2 |       ||     2
       Hand axe          |     2 |     5 ||     7
       Flail             |     2 |       ||     2
Throw: Stone             |       |     1 ||     1
 Cast: Shock             |    57 |    20 ||    77
  Eat: Chunk             |     2 |     1 ||     3
Armor: Skin              |    16 |     4 ||    20
Dodge: Dodged            |    30 |     5 ||    35

Table legend:
 A = Spawn XP
 B = Non-spawn XP
 C = Spawn XP percentage of total XP
 D = Spawn monster count
 E = Non-spawn monster count
 F = Spawn count percentage of total count
 G = Total turns spent on level
                    A         B        C        D         E        F      G
               +---------+---------+-------+---------+---------+-------+---------
         Total |       0 |     150 |   0.0 |       0 |      29 |   0.0 |  1514
               +---------+---------+-------+---------+---------+-------+---------
           D:1 |       0 |      48 |   0.0 |       0 |      19 |   0.0 |  1092
           D:2 |       0 |     102 |   0.0 |       0 |      10 |   0.0 |   422
               +---------+---------+-------+---------+---------+-------+---------
